MLB
WASHINGTON NATIONALS @ ATLANTA BRAVES
09/05/2019
 
TOP OF THE 1ST
Washington Nationals batting - Pitching for Atlanta Braves : RHP Mike Fiers
Pitching: RHP Mike Fiers
Batting: LHB Adam Eaton 0-0: Ball
1-0: Reached on error, E8 (Line Drive, 8LM, EV 98.8 MPH)
Batting: LHB Andrew Benintendi 0-0: Called Strike
0-1: Ball
1-1: Fielders Choice at 2nd, 6-4 (Groundball, 6M, EV 86.9 MPH)
Batting: RHB Chris Taylor 0-0: Ball
1-0: Ball
2-0: Grounds into double play, 5-4-3 (Groundball, 56, EV 83.1 MPH)
Top of the 1st over - 0 runs, 0 hits, 1 error, 0 left on base; Washington 0 - Atlanta 0
BOTTOM OF THE 1ST
Atlanta Braves batting - Pitching for Washington Nationals : RHP Zack Wheeler
Pitching: RHP Zack Wheeler
Batting: LHB Mallex Smith 0-0: Called Strike
0-1: Foul Ball, location: 2F
0-2: Ball
1-2: Foul Ball, location: 2F
1-2: DOUBLE (Line Drive, 7LM, EV 101.9 MPH)
Batting: RHB Adeiny Hechavarria 0-0: Ball
1-0: Swinging Strike
1-1: Ball
Wild Pitch!
Mallex Smith to third
2-1: Ball
3-1: Foul Ball, location: 2F
3-2: Strikes out swinging
Batting: LHB Ben Gamel 0-0: Ball
1-0: Fly out, F9 (Flyball, 89D, EV 97.5 MPH)
Runner from 3rd tags up, SCORES, throw by RF
Batting: LHB Kole Calhoun 0-0: SINGLE (Groundball, 4, EV 103.8 MPH) (infield hit)
Batting: RHB John Ryan Murphy 0-0: DOUBLE (Groundball, 5L, EV 102.5 MPH)
Kole Calhoun to third
Batting: RHB Ian Desmond 0-0: Fly out, F8 (Flyball, 89XD, EV 80.0 MPH)
Bottom of the 1st over - 1 run, 3 hits, 0 errors, 2 left on base; Washington 0 - Atlanta 1
TOP OF THE 2ND
Washington Nationals batting - Pitching for Atlanta Braves : RHP Mike Fiers
Batting: LHB Yonder Alonso 0-0: Swinging Strike
0-1: Ball
1-1: Called Strike
1-2: Ball
2-2: Ball
3-2: Base on Balls
Batting: RHB Yulieski Gurriel 0-0: Foul Ball, location: 2F
0-1: Ball
Wild Pitch!
Yonder Alonso to second
1-1: Ball
2-1: Swinging Strike
2-2: Hit by Pitch
Batting: LHB Joe Panik 0-0: Called Strike
0-1: Foul Ball, location: 2F
0-2: Ball
1-2: Strikes out looking
Batting: RHB Austin Barnes 0-0: Ball
1-0: Ball
2-0: Ball
3-0: Base on Balls
Yonder Alonso to third
Yulieski Gurriel to second
Batting: LHB Jackie Bradley Jr. 0-0: Swinging Strike
0-1: Ball
Wild Pitch!
Yonder Alonso scores
Yulieski Gurriel to third
Austin Barnes to second
1-1: Called Strike
1-2: Foul Ball, location: 2F
1-2: Fly out, F7 (Flyball, 7S, EV 89.4 MPH)
Batting: LHB Zack Wheeler 0-0: Ball
1-0: Ball
2-0: Fly out, F7 (Flyball, 7S, EV 89.4 MPH)
Top of the 2nd over - 1 run, 0 hits, 0 errors, 2 left on base; Washington 1 - Atlanta 1
BOTTOM OF THE 2ND
Atlanta Braves batting - Pitching for Washington Nationals : RHP Zack Wheeler
Batting: SHB Juniel Querecuto 0-0: Ground out 3-1 (Groundball, 3, EV 101.9 MPH)
Batting: RHB Pat Valaika 0-0: Called Strike
0-1: Ball
1-1: Ball
2-1: Fly out, F6 (Popup, 6, EV 56.3 MPH)
Batting: RHB Mike Fiers 0-0: Foul Ball, location: 2F
0-1: Foul Ball, location: 2F
0-2: Ground out 1-3 (Groundball, 15S, EV 65.6 MPH)
Bottom of the 2nd over - 0 runs, 0 hits, 0 errors, 0 left on base; Washington 1 - Atlanta 1
TOP OF THE 3RD
Washington Nationals batting - Pitching for Atlanta Braves : RHP Mike Fiers
Batting: LHB Adam Eaton 0-0: Ball
1-0: Bunt for hit to 13S - play at first, batter OUT! 1-3
Batting: LHB Andrew Benintendi 0-0: Hit by Pitch
Batting: RHB Chris Taylor 0-0: Ball
1-0: Ball
2-0: Foul Ball, location: 2F
2-1: Called Strike
Andrew Benintendi steals 2nd base
2-2: Strikes out looking
Batting: LHB Yonder Alonso 0-0: 2-RUN HOME RUN (Line Drive, 9D, EV 103.1 MPH), Distance : 383 ft
Batting: RHB Yulieski Gurriel 0-0: Ball
1-0: Ball
2-0: Fly out, F5 (Popup, 56, EV 73.8 MPH)
Top of the 3rd over - 2 runs, 1 hit, 0 errors, 0 left on base; Washington 3 - Atlanta 1
BOTTOM OF THE 3RD
Atlanta Braves batting - Pitching for Washington Nationals : RHP Zack Wheeler
Batting: LHB Mallex Smith 0-0: Ball
1-0: Ball
2-0: Called Strike
2-1: Bunt for hit to 2R - play at first, batter safe!
Batting: RHB Adeiny Hechavarria 0-0: Fielders Choice at 2nd, 5-4 (Groundball, 5S, EV 88.8 MPH)
Batting: LHB Ben Gamel 0-0: Ball
1-0: Foul Ball, location: 2F
1-1: Foul Ball, location: 2F
1-2: Grounds into double play, 4-6-3 (Groundball, 4, EV 103.8 MPH)
Bottom of the 3rd over - 0 runs, 1 hit, 0 errors, 0 left on base; Washington 3 - Atlanta 1
TOP OF THE 4TH
Washington Nationals batting - Pitching for Atlanta Braves : RHP Mike Fiers
Batting: LHB Joe Panik 0-0: Ball
1-0: Ground out 6-3 (Groundball, 56, EV 77.5 MPH)
Batting: RHB Austin Barnes 0-0: Swinging Strike
0-1: Foul Ball, location: 2F
0-2: Ground out 5-3 (Groundball, 56, EV 81.3 MPH)
Batting: LHB Jackie Bradley Jr. 0-0: Called Strike
0-1: Ball
1-1: Ball
2-1: Swinging Strike
2-2: Strikes out swinging
Top of the 4th over - 0 runs, 0 hits, 0 errors, 0 left on base; Washington 3 - Atlanta 1
BOTTOM OF THE 4TH
Atlanta Braves batting - Pitching for Washington Nationals : RHP Zack Wheeler
Batting: LHB Kole Calhoun 0-0: Ball
1-0: Called Strike
1-1: Called Strike
1-2: Strikes out swinging
Batting: RHB John Ryan Murphy 0-0: Called Strike
0-1: SINGLE (Line Drive, 78S, EV 105.6 MPH)
Batting: RHB Ian Desmond 0-0: Foul Ball, location: 2F
0-1: Foul Ball, location: 2F
0-2: Foul Ball, location: 2F
0-2: Ball
1-2: Ball
2-2: Foul Ball, location: 2F
2-2: Foul Ball, location: 2F
2-2: Foul Ball, location: 2F
2-2: Fly out, F4 (Flyball, 34D, EV 90.6 MPH)
Batting: SHB Juniel Querecuto 0-0: Called Strike
0-1: Called Strike
0-2: Ball
1-2: SINGLE (Groundball, 4MD, EV 101.9 MPH)
John Ryan Murphy to second
Runner from 2nd tries for 3rd, SAFE, no throw by CF
Batting: RHB Pat Valaika 0-0: Swinging Strike
0-1: Fielders Choice at 2nd, 6-4 (Groundball, 6, EV 90.0 MPH)
Bottom of the 4th over - 0 runs, 2 hits, 0 errors, 2 left on base; Washington 3 - Atlanta 1
TOP OF THE 5TH
Washington Nationals batting - Pitching for Atlanta Braves : RHP Mike Fiers
Batting: LHB Zack Wheeler 0-0: Called Strike
0-1: Called Strike
0-2: SINGLE (Groundball, 4MD, EV 106.9 MPH)
Batting: LHB Adam Eaton 0-0: Ball
1-0: SINGLE (Line Drive, 6MD, EV 102.5 MPH)
Zack Wheeler to second
Batting: LHB Andrew Benintendi 0-0: Called Strike
0-1: Called Strike
0-2: Ball
1-2: Foul Ball, location: 2F
1-2: Ball
2-2: Ball
3-2: Foul Ball, location: 2F
3-2: Fly out, F8 (Flyball, 8LS, EV 93.8 MPH)
Batting: RHB Chris Taylor 0-0: Called Strike
0-1: Fly out, F9 (Flyball, 89S, EV 92.5 MPH)
Batting: LHB Yonder Alonso 0-0: Foul Ball, location: 2F
0-1: SINGLE (Line Drive, 4M, EV 94.4 MPH)
Zack Wheeler to third
Adam Eaton to second
Runner from 3rd tries for Home, SAFE, throw by CF to home
Batting: RHB Yulieski Gurriel 0-0: Ball
Wild Pitch!
Adam Eaton to third
Yonder Alonso to second
1-0: Ball
2-0: Swinging Strike
2-1: Foul Ball, location: 2F
2-2: Ball
3-2: Fly out, F8 (Flyball, 89M, EV 88.1 MPH)
Top of the 5th over - 1 run, 3 hits, 0 errors, 2 left on base; Washington 4 - Atlanta 1
BOTTOM OF THE 5TH
Atlanta Braves batting - Pitching for Washington Nationals : RHP Zack Wheeler
Pinch Hitting: RHB Domingo Santana 0-0: Swinging Strike
0-1: Foul Ball, location: 2F
0-2: Ball
1-2: Strikes out swinging
Batting: LHB Mallex Smith 0-0: Ball
1-0: Ball
2-0: Called Strike
2-1: Ball
3-1: Base on Balls
Batting: RHB Adeiny Hechavarria 0-0: Ball
1-0: Ball
Mallex Smith steals 2nd base (no throw)
2-0: Foul Ball, location: 2F
2-1: SINGLE (Groundball, 56D, EV 102.5 MPH)
Mallex Smith to third
Batting: LHB Ben Gamel 0-0: Called Strike
0-1: Ball
1-1: Fly out, F7 (Flyball, 78M, EV 71.3 MPH)
Runner from 3rd tags up, SCORES, throw by LF
Batting: LHB Kole Calhoun 0-0: SINGLE (Groundball, 34S, EV 94.4 MPH) (infield hit)
Adeiny Hechavarria to second
Batting: RHB John Ryan Murphy 0-0: Swinging Strike
0-1: Fly out, F7 (Flyball, 7S, EV 83.8 MPH)
Bottom of the 5th over - 1 run, 2 hits, 0 errors, 2 left on base; Washington 4 - Atlanta 2
TOP OF THE 6TH
Washington Nationals batting - Pitching for Atlanta Braves : RHP Mike Fiers
Pitching: RHP Daniel Hudson
Batting: LHB Joe Panik 0-0: Ball
1-0: Called Strike
1-1: Ball
2-1: SINGLE (Line Drive, 78S, EV 106.9 MPH)
Batting: RHB Austin Barnes 0-0: Ball
1-0: Called Strike
1-1: Called Strike
Joe Panik steals 2nd base
1-2: Foul Ball, location: 2F
1-2: Foul Ball, location: 2F
1-2: DOUBLE (Line Drive, 7LM, EV 111.3 MPH)
Joe Panik scores
Batting: LHB Jackie Bradley Jr. 0-0: Ball
1-0: Ball
2-0: Called Strike
2-1: Ball
3-1: Foul Ball, location: 2F
3-2: Strikes out swinging
Batting: LHB Zack Wheeler 0-0: Ground out 3-1 (Groundball, 34D, EV 88.1 MPH)
Austin Barnes to third
Batting: LHB Adam Eaton 0-0: Ball
1-0: DOUBLE (Line Drive, 7LM, EV 100.0 MPH)
Austin Barnes scores
Batting: LHB Andrew Benintendi 0-0: Ball
1-0: Called Strike
1-1: Foul Ball, location: 2F
1-2: Strikes out swinging
Top of the 6th over - 2 runs, 3 hits, 0 errors, 1 left on base; Washington 6 - Atlanta 2
BOTTOM OF THE 6TH
Atlanta Braves batting - Pitching for Washington Nationals : RHP Zack Wheeler
Batting: RHB Ian Desmond 0-0: Called Strike
0-1: Swinging Strike
0-2: Ball
1-2: Fly out, F7 (Flyball, 7LD, EV 101.3 MPH)
Batting: SHB Juniel Querecuto 0-0: Called Strike
0-1: Fly out, F7 (Flyball, 7LS, EV 75.0 MPH)
Batting: RHB Pat Valaika 0-0: Called Strike
0-1: Ground out 4-3 (Groundball, 4M, EV 102.5 MPH)
Bottom of the 6th over - 0 runs, 0 hits, 0 errors, 0 left on base; Washington 6 - Atlanta 2
TOP OF THE 7TH
Washington Nationals batting - Pitching for Atlanta Braves : RHP Daniel Hudson
Pitching: RHP Paul Blackburn
Batting: RHB Chris Taylor 0-0: Ball
1-0: Called Strike
1-1: Ball
2-1: Ball
3-1: Swinging Strike
3-2: Foul Ball, location: 2F
3-2: Strikes out swinging
Batting: LHB Yonder Alonso 0-0: Ball
1-0: Called Strike
1-1: SINGLE (Groundball, 4MD, EV 100.6 MPH)
Batting: RHB Yulieski Gurriel 0-0: Ball
1-0: SINGLE (Line Drive, 8LS, EV 105.0 MPH)
Yonder Alonso to second
Batting: LHB Joe Panik 0-0: Ball
1-0: Foul Ball, location: 2F
1-1: Grounds into double play, 6-4-3 (Groundball, 6, EV 108.8 MPH)
Top of the 7th over - 0 runs, 2 hits, 0 errors, 1 left on base; Washington 6 - Atlanta 2
BOTTOM OF THE 7TH
Atlanta Braves batting - Pitching for Washington Nationals : RHP Zack Wheeler
Pinch Hitting: SHB Robbie Grossman 0-0: Ball
1-0: Ball
2-0: Ball
3-0: Called Strike
3-1: Foul Ball, location: 2F
3-2: Base on Balls
Batting: LHB Mallex Smith 0-0: Ball
1-0: Ball
2-0: Called Strike
2-1: Fly out, F7 (Flyball, 7S, EV 95.0 MPH)
Pitching: RHP Kyle Crick
Batting: RHB Adeiny Hechavarria 0-0: Called Strike
Robbie Grossman steals 2nd base
0-1: Ball
1-1: Foul Ball, location: 2F
1-2: Ball
2-2: Fly out, F8 (Flyball, 8RM, EV 91.3 MPH)
Batting: LHB Ben Gamel 0-0: Called Strike
0-1: Called Strike
0-2: Foul Ball, location: 2F
0-2: Strikes out swinging
Bottom of the 7th over - 0 runs, 0 hits, 0 errors, 1 left on base; Washington 6 - Atlanta 2
TOP OF THE 8TH
Washington Nationals batting - Pitching for Atlanta Braves : RHP Paul Blackburn
Pitching: LHP Brian Johnson
Batting: RHB Austin Barnes 0-0: Called Strike
0-1: SINGLE (Groundball, 3D, EV 103.1 MPH)
Batting: LHB Jackie Bradley Jr. 0-0: Fielders Choice at 2nd, 3-6 (Groundball, 3, EV 105.6 MPH)
Pinch Hitting: LHB Jordan Patterson 0-0: Foul Ball, location: 2F
0-1: Ball
1-1: Called Strike
1-2: Foul Ball, location: 2F
1-2: Fly out, F8 (Flyball, 78M, EV 81.3 MPH)
Batting: LHB Adam Eaton 0-0: Called Strike
0-1: Hit by Pitch
Jackie Bradley Jr. to second
Batting: LHB Andrew Benintendi 0-0: Swinging Strike
0-1: Called Strike
0-2: Ball
1-2: DOUBLE (Line Drive, 78M, EV 90.6 MPH)
Jackie Bradley Jr. scores
Adam Eaton to third
Runner from 3rd tries for Home, SAFE, throw by LF to trailing runner, SAFE at third!
Batting: RHB Chris Taylor 0-0: Ball
1-0: Ball
2-0: Ball
3-0: Called Strike
3-1: Called Strike
3-2: Fly out, F8 (Flyball, 8RD, EV 103.8 MPH)
Top of the 8th over - 2 runs, 2 hits, 0 errors, 1 left on base; Washington 8 - Atlanta 2
BOTTOM OF THE 8TH
Atlanta Braves batting - Pitching for Washington Nationals : RHP Kyle Crick
Pitching: LHP Wade Miley
Batting: LHB Kole Calhoun 0-0: Foul Ball, location: 2F
0-1: Ground out 4-3 (Groundball, 34, EV 106.3 MPH)
Batting: RHB John Ryan Murphy 0-0: Ball
1-0: Ball
2-0: Swinging Strike
2-1: Foul Ball, location: 2F
2-2: Ball
3-2: Foul Ball, location: 2F
3-2: Foul Ball, location: 2F
3-2: Base on Balls
Batting: RHB Ian Desmond 0-0: Ball
1-0: Foul Ball, location: 2F
1-1: Grounds into double play, 6-4-3 (Groundball, 6M, EV 98.1 MPH)
Bottom of the 8th over - 0 runs, 0 hits, 0 errors, 0 left on base; Washington 8 - Atlanta 2
TOP OF THE 9TH
Washington Nationals batting - Pitching for Atlanta Braves : LHP Brian Johnson
Batting: LHB Yonder Alonso 0-0: Called Strike
0-1: Foul Ball, location: 2F
0-2: Foul Ball, location: 2F
0-2: Ball
1-2: Ball
2-2: Fly out, F9 (Flyball, 89M, EV 89.4 MPH)
Batting: RHB Yulieski Gurriel 0-0: Called Strike
0-1: Foul Ball, location: 2F
0-2: Ground out 4-3 (Groundball, 4, EV 83.8 MPH)
Batting: LHB Joe Panik 0-0: Ball
1-0: Called Strike
1-1: Ground out 4-3 (Groundball, 4, EV 85.0 MPH)
Top of the 9th over - 0 runs, 0 hits, 0 errors, 0 left on base; Washington 8 - Atlanta 2
BOTTOM OF THE 9TH
Atlanta Braves batting - Pitching for Washington Nationals : LHP Wade Miley
Batting: SHB Juniel Querecuto 0-0: Ball
1-0: Ball
2-0: Ball
3-0: Called Strike
3-1: Foul Ball, location: 2F
3-2: Foul Ball, location: 2F
3-2: Ground out 1-3 (Groundball, 34S, EV 83.8 MPH)
Batting: RHB Pat Valaika 0-0: Ball
1-0: SINGLE (Line Drive, 56, EV 95.6 MPH)
Pinch Hitting: LHB Lucas Duda 0-0: Called Strike
0-1: Called Strike
0-2: Foul Ball, location: 2F
0-2: Ball
1-2: Fly out, F9 (Flyball, 9S, EV 91.3 MPH)
Batting: LHB Mallex Smith 0-0: Ball
Wild Pitch!
Pat Valaika to second
1-0: Ball
2-0: Foul Ball, location: 2F
2-1: SINGLE (Line Drive, 56, EV 96.3 MPH)
Pat Valaika to third
Batting: RHB Adeiny Hechavarria 0-0: Ball
1-0: Called Strike
1-1: Ball
2-1: Ball
3-1: Foul Ball, location: 2F
3-2: Ground out 6-3 (Groundball, 56, EV 81.9 MPH)
Bottom of the 9th over - 0 runs, 2 hits, 0 errors, 2 left on base; Washington 8 - Atlanta 2
Monday, December 9th, 2019 - OOTP Baseball 20.8 Build 73